 Dungeon Crawl Stone Soup version 0.29-a0-270-g1586fc07ea (webtiles) character file.

Game seed: 2548874243103377484

6712 fragbeetle the Grappler (level 10, -1/85 HPs)
             Began as a Troll Gladiator on Mar 8, 2022.
             Was a Believer of Wu Jian.
             Slain by a shadow (20 damage)
             ... on level 9 of the Dungeon.
             The game lasted 00:17:35 (8959 turns).

fragbeetle the Grappler (Troll Gladiator)           Turns: 8959, Time: 00:17:36

Health: -1/85      AC: 10    Str: 24    XL:     10   Next: 74%
Magic:  9/9        EV: 14    Int:  8    God:    Wu Jian [**....]
Gold:   483        SH:  0    Dex: 11    Spells: 8/9 levels left

rFire   . . .      SeeInvis .     - Unarmed
rCold   + . .      Faith    .   (no shield)
rNeg    . . .      Spirit   .   z - +0 steam dragon scales
rPois   .          Reflect  .   D - +2 hat
rElec   .          Harm     .   j - +0 cloak
rCorr   .          Rampage  .   (gloves unavailable)
Will    .....                   (boots unavailable)
Stlth   +.........              (no amulet)
HPRegen 1.04/turn               o - +4 ring of evasion
MPRegen 0.11/turn               E - ring of protection from cold

@: no status effects
A: large, unfitting armour, claws 3, regeneration 1, shaggy fur 1, tough skin 1
a: Renounce Religion, Wall Jump


You were on level 9 of the Dungeon.
You worshipped Wu Jian.
Wu Jian was pleased with you.
You visited 2 branches of the dungeon, and saw 10 of its levels.

You collected 483 gold pieces.

Inventory:

Hand Weapons
 a - a +3 antimagic trident
 A - a +5 flail
 H - a +2 long sword of flaming
Missiles
 c - 2 throwing nets
 q - 7 poisoned darts
 u - 3 javelins
 v - a large rock
 C - 169 stones
 F - 8 curare-tipped darts
 I - 9 boomerangs
Armour
 j - a +0 cloak (worn)
 z - +0 steam dragon scales (worn)
 D - a +2 hat (worn)
Jewellery
 o - a +4 ring of evasion (left claw)
 y - an amulet of faith
 E - a ring of protection from cold (right claw)
Wands
 b - a wand of paralysis (7)
 B - a wand of acid (11)
 G - a wand of iceblast (6)
 L - a wand of flame (7)
Scrolls
 e - 4 scrolls of identify
 f - 2 scrolls of teleportation
 g - a scroll of blinking {unknown}
 i - a scroll of immolation {unknown}
 k - a scroll of acquirement {unknown}
 l - a scroll of summoning {unknown}
 m - a scroll of enchant weapon {unknown}
 n - 3 scrolls of vulnerability {unknown}
 s - 3 scrolls of noise {unknown}
 w - a scroll of amnesia {unknown}
Potions
 d - a potion of attraction {unknown}
 h - 3 potions of might {unknown}
 p - 4 potions of curing
 r - a potion of cancellation {unknown}
 t - a potion of invisibility {unknown}
 x - 2 potions of heal wounds {unknown}
 J - a potion of lignification {unknown}
 K - a potion of mutation {unknown}


   Skills:
 - Level 1.5 Fighting
 - Level 8.2 Slings
 - Level 1.7(7.0) Throwing
 - Level 2.4 Dodging
 - Level 10.0 Unarmed Combat
 - Level 5.0 Earth Magic
 + Level 2.8 Evocations


You had 8 spell levels left.
You knew the following spells:

 Your Spells              Type           Power      Damage    Failure   Level
a - Sandblast             Erth           16%        2d6       5%          1

Your spell library contained the following spells:

 Spells                   Type           Power      Damage    Failure   Level
 Passwall                 Tmut/Erth      3%         N/A       24%         2
 Stone Arrow              Conj/Erth      8%         3d7       43%         3
 Sublimation of Blood     Necr           0%         N/A       54%         2
 Conjure Flame            Conj/Fire      0%         6-21      78%         3
 Ignite Poison            Fire/Tmut/Pois 0%         N/A       78%         3
 Summon Guardian Golem    Hex/Summ       0%         N/A       78%         3
 Petrify                  Tmut/Erth      4%         N/A       83%         4
 Sticky Flame             Conj/Fire      0%         2d3       99%         4
 Irradiate                Conj/Tmut      0%         3d13      100%        5
 Orb of Destruction       Conj           0%         9d5       100%        7
 Spellforged Servitor     Conj/Summ      0%         N/A       100%        7


Dungeon Overview and Level Annotations

Branches:
Dungeon (9/15)             Temple (1/1) D:7            Lair (0/6) D:8
    Orc (0/2) D:9

Altars:
Ashenzari
Cheibriados
Dithmenos
Fedhas
Gozag
Hepliaklqana
Kikubaaqudgha
Makhleb
Nemelex Xobeh
Okawaru
Qazlal
Ru
Sif Muna
Trog
Uskayaw
Vehumet
Wu Jian
Xom
Yredelemnul
Zin
The Shining One

Shops:
D:4 (


Innate Abilities, Weirdness & Mutations

You are too large for most types of armour.
You have claws for hands.
Your natural rate of healing is unusually fast.
You are covered in fur. (AC +1)
You have tough skin. (AC +1)


Message History

Unknown command.
You feel better.
Unknown command.
You scratch the two-headed ogre.
The two-headed ogre is severely wounded.
The two-headed ogre is no longer covered in acid.
The shadow slips into darkness.
The shadow flickers and vanishes!
Deactivating autopickup; reactivate with Ctrl-A.
The two-headed ogre misses you. x2
You scratch the two-headed ogre but do no damage.
The two-headed ogre is severely wounded.
An orc zombie comes into view.
The two-headed ogre hits you with a +0 giant club!
* * * LOW HITPOINT WARNING * * *
The two-headed ogre barely misses you.
An orc zombie comes into view.
You claw the two-headed ogre!
The two-headed ogre is almost dead.
Unknown command.
You claw the two-headed ogre!
You kill the two-headed ogre!
The Council accepts your kill.
Your Evocations skill increases to level 2!
Unknown command.
Okay, then.
You completely miss the orc skeleton. You claw the orc skeleton.
The orc skeleton is almost destroyed.
Things that are here:
a +0 whip; a +0 leather armour; an orc corpse
Items here: $ ) ? †.
The shadow strikes at you from the darkness!
* * * LOW HITPOINT WARNING * * *
Reactivating autopickup.
The shadow slips into darkness.
The shadow flickers and vanishes!
Deactivating autopickup; reactivate with Ctrl-A.
You feel better.
The shadow strikes at you from the darkness!
You die...

##....###.# # ##.
#....# #.# ## 8...
##.# #....# #.# #.
.... #..#
##..##.###.# ##.
.....
#..###..###..#..# #..
Z.... #......#
##....# ##. ......
#.....# ##..### ##
...ZZZ##.Z)).####.###
>...8.Z#?###@......##
....ZZZ)## ##)...#..#
.....ZZ##
##...###.### ....Z#.
##..#.# ##..#####
.... ## ##.######
##.....### ... ##.##
#.# ##....... 8.
##..# #.# ######.. .
##..## #.### ##.
#..## ##...##########


You could see an orc skeleton.

Vanquished Creatures
  A two-headed ogre (D:9)
  A hornet (D:8)
  A troll (D:9)
  Prince Ribbit (D:5)
  Grinder (D:4)
  A shadow (D:9)
  Sigmund (D:4)
  6 yaks (D:9)
  2 steam dragons
  2 water moccasins
  An acid dragon (D:8)
  An orc warrior (D:5)
  An ice beast (D:7)
  A black bear (D:6)
  A sky beast (D:5)
  3 centaurs
  A phantom (D:6)
  2 kobold brigands
  A gnoll sergeant (D:6)
  3 scorpions (D:6)
  12 wights
  A troll zombie (D:9)
  10 killer bees (D:9)
  3 crimson imps (D:6)
  2 howler monkeys
  A hound (D:6)
  11 orc priests
  A gnoll shaman (D:9)
  A jelly (D:8)
  3 iguanas
  Natasha (twice) (D:4)
  7 orc wizards
  3 ogre zombies (D:9)
  20 gnolls
  4 adders
  3 shadow imps
  4 white imps
  6 worms
  3 dart slugs (D:1)
  42 orcs
  9 endoplasms
  4 giant cockroaches
  6 goblins
  8 hobgoblins
  4 jackals (D:3)
  14 kobolds
  3 quokkas
  9 ball pythons
  5 bats
  4 frilled lizards
  3 goblin zombies (D:9)
  A hobgoblin zombie (D:9)
  3 orc skeletons (D:9)
  3 orc zombies (D:9)
  5 rats
252 creatures vanquished.

Vanquished Creatures (others)
  A gnoll sergeant (D:7)
  An orc (D:7)
  A quokka (D:9)
  3 plants (D:7)
6 creatures vanquished.

Grand Total: 258 creatures vanquished

Notes
Turn   | Place    | Note
-------+----------+-------------------------------------------
     0 | D:1      | fragbeetle the Troll Gladiator began the quest for the Orb.
     0 | D:1      | Reached XP level 1. HP: 19/19 MP: 0/0
   130 | D:1      | Reached XP level 2. HP: 27/27 MP: 1/1
   173 | D:1      | Reached skill level 1 in Slings
   253 | D:1      | Found a faded altar of an unknown god.
   320 | D:1      | Reached XP level 3. HP: 33/33 MP: 2/2
  1061 | D:2      | Reached XP level 4. HP: 40/41 MP: 3/3
  1607 | D:3      | Reached skill level 4 in Unarmed Combat
  1612 | D:3      | Reached XP level 5. HP: 26/48 MP: 4/4
  1766 | D:3      | Found a broken altar of Ashenzari.
  2101 | D:4      | Noticed Grinder
  2108 | D:4      | Killed Grinder
  2109 | D:4      | Reached XP level 6. HP: 55/55 MP: 5/5
  2286 | D:4      | Reached skill level 5 in Unarmed Combat
  2300 | D:4      | Found Muhielia's Antique Weapon Shoppe.
  2429 | D:4      | Noticed Natasha
  2436 | D:4      | Killed Natasha
  2481 | D:4      | Found a stormy altar of Qazlal.
  2484 | D:4      | Found a basalt altar of Yredelemnul.
  2712 | D:4      | Noticed Natasha
  2715 | D:4      | Killed Natasha
  2732 | D:4      | Noticed Sigmund
  2753 | D:4      | Killed Sigmund
  2754 | D:4      | Reached XP level 7. HP: 51/62 MP: 6/6
  2927 | D:5      | Entered Level 5 of the Dungeon
  3066 | D:5      | Noticed Prince Ribbit
  3090 | D:5      | Killed Prince Ribbit
  3422 | D:5      | HP: 1/62 [poisoned by a water moccasin]
  3423 | D:5      | Reached skill level 5 in Slings
  3423 | D:5      | Reached skill level 6 in Unarmed Combat
  3423 | D:5      | Reached XP level 8. HP: 2/70 MP: 7/7
  4253 | D:6      | Learned a level 1 spell: Sandblast
  4277 | D:6      | Reached skill level 7 in Unarmed Combat
  4591 | D:6      | Reached XP level 9. HP: 57/75 MP: 8/8
  5165 | D:6      | Found a shimmering altar of Xom.
  5448 | D:7      | Found a sparkling altar of Nemelex Xobeh.
  5533 | D:7      | Reached skill level 8 in Unarmed Combat
  5635 | D:7      | Found a staircase to the Ecumenical Temple.
  5648 | Temple   | Entered the Ecumenical Temple
  5892 | Temple   | Became a worshipper of the Wu Jian Council
  7071 | D:8      | Found a staircase to the Lair.
  7216 | D:8      | Reached * piety under Wu Jian
  7275 | D:8      | Found a sacrificial altar of Ru.
  7699 | D:8      | Reached skill level 9 in Unarmed Combat
  8097 | D:9      | Reached XP level 10. HP: 71/85 MP: 9/9
  8547 | D:9      | Reached skill level 10 in Unarmed Combat
  8626 | D:9      | Reached skill level 1 in Earth Magic
  8763 | D:9      | Reached ** piety under Wu Jian
  8912 | D:9      | Reached skill level 5 in Earth Magic
  8929 | D:9      | Found a staircase to the Orcish Mines.
  8929 | D:9      | Noticed a two-headed ogre
  8938 | D:9      | Reached skill level 1 in Evocations
  8948 | D:9      | HP: 4/85 [two-headed ogre/+0 giant club (12)]
  8953 | D:9      | Killed a two-headed ogre
  8959 | D:9      | Slain by a shadow

Illustrated notes

Levels and vault maps discovered:
D:1:      sevenhm_arrival_forest_fort_small_4, layout_loops_ring,
          hellmonk_ecumenical_altar_inner_sanctum
D:2:      layout_basic, minmay_increasing_density
D:3:      layout_rooms, mainiacjoe_overflow_alcove_2,
          minmay_misc_feat_four_crosses
D:4:      layout_basic, nicolae_overflow_squiral, serial_shops, kennysheep_mini,
          uniq_grinder, uniq_natasha, uniq_sigmund
D:5:      layout_loops_corners, chequers_decorated_corner, uniq_prince_ribbit1
D:6:      layout_loops_cross, led_xom_imps
D:7:      layout_layer_cave, nemelex_xobeh_ov_fountains_minmay,
          minmay_temple_entry_gardened_gates
D:8:      layout_basic, mainiacjoe_overflow_small_starburst, lair_entry_dummy,
          kennysheep_generic_room_4
D:9:      layout_layer_cave, elyvilon_altar_4, zombieorc2_lemuel
Temple:   regret_index_temple_generic_petals

Skill      XL: |  1  2  3  4  5  6  7  8  9 10 |
---------------+-------------------------------+-----
Slings         | 1 2 3 4 5 6 8 |  8.2
Unarmed Combat | 4 5 6 7 9 10 | 10.0
Earth Magic    | 5 |  5.0
Evocations     | 2 |  2.8
Fighting       | |  1.5
Throwing       | |  1.7
Dodging        | |  2.4

Action                   |  1- 3 |  4- 6 |  7- 9 | 10-12 || total
-------------------------+-------+-------+-------+-------++-------
Melee: Unarmed           |   129 |   170 |   397 |   181 ||   877
       Punch             |     3 |     6 |    11 |    12 ||    32
Throw: Dart              |       |     2 |     2 |       ||     4
       Large rock        |       |     2 |     2 |       ||     4
       Throwing net      |       |     1 |     2 |       ||     3
       Javelin           |       |     2 |     2 |       ||     4
Invok: Lunge             |       |       |    13 |     7 ||    20
       Whirlwind         |       |       |       |     1 ||     1
Evoke: Wand              |       |       |     2 |     1 ||     3
  Use: Potion            |       |       |     1 |     2 ||     3
       Scroll            |       |       |     3 |       ||     3
 Stab: Sleeping          |     1 |     1 |     3 |       ||     5
       Paralysed         |       |       |     3 |       ||     3
Armor: Robe              |    39 |    44 |    15 |       ||    98
       Steam dragon scal |       |       |    77 |    40 ||   117
Dodge: Dodged            |    53 |   142 |   262 |    93 ||   550

Table legend: (Time is in decaauts)
 A = Elapsed time spent in this place.
 B = Non-inter-level travel time spent in this place.
 C = Inter-level travel time spent in this place.
 D = Time resting spent in this place.
 E = Time spent auto-exploring this place.
 F = Levels seen in this place.
 G = Mean time per level.
                   A        B        C        D        E       F      G
               +--------+--------+--------+--------+--------+-----+--------+
         Total |   8859 |   8232 |    627 |    264 |   6153 |  10 |  885.9 |
       Dungeon |   8592 |   8009 |    583 |    264 |   5936 |   9 |  954.7 |
        Temple |    267 |    223 |     44 |      0 |    217 |   1 |  267.0 |
               +--------+--------+--------+--------+--------+-----+--------+

Top non-repeatable levels by time:
     D:5: 1407 daAuts
     D:7: 1398 daAuts
     D:8: 994 daAuts
     D:4: 962 daAuts
     D:6: 883 daAuts
     D:9: 863 daAuts
     D:2: 838 daAuts
     D:1: 661 daAuts
     D:3: 582 daAuts
  Temple: 267 daAuts
